 Dungeon Crawl Stone Soup version 0.27-a0-419-g7a85846853 (webtiles) character file.

Game seed: 18170179917436241901

8 Chiseanne the Covered (level 2, 23/23 HPs)
             Began as a Demonspawn Wanderer on Feb 26, 2021.
             Quit the game on level 1 of the Dungeon.
             The game lasted 00:00:35 (232 turns).

Chiseanne the Covered (Demonspawn Wanderer)          Turns: 232, Time: 00:00:36

Health: 23/23      AC:  7    Str: 14    XL:     2   Next: 0%
Magic:  2/2        EV: 10    Int: 11    God:
Gold:   9          SH:  0    Dex: 12    Spells: 1/1 levels left

rFire    . . .     SeeInvis .   a - +2 hand crossbow
rCold    . . .     Faith    .   (no shield)
rNeg     . . .     Spirit   .   d - +0 ring mail
rPois    .         Reflect  .   e - +0 helmet
rElec    .         Harm     .   (no cloak)
rCorr    .         Rampage  .   g - +0 pair of gloves
Will     .....                  (no boots)
Stlth    +.........             (no amulet)
HPRegen  0.07/turn              (no ring)
MPRegen  0.08/turn              (no ring)

@: no status effects
A: claws 1
a: no special abilities


You were on level 1 of the Dungeon.
You visited 1 branch of the dungeon, and saw 1 of its levels.

You collected 9 gold pieces.

Inventory:

Hand Weapons
 a - a +2 hand crossbow (weapon)
 c - a +0 hand axe
Missiles
 b - 21 bolts (quivered ammo)
 f - 77 stones
Armour
 d - a +0 ring mail (worn)
 e - a +0 helmet (worn)
 g - a +0 pair of gloves (worn)


   Skills:
 * Level 2.4 Fighting
 - Level 1.0 Maces & Flails
 - Level 1.7 Crossbows
 * Level 3.0 Armour
 - Level 1.0 Stealth
 - Level 1.0 Shields


You had one spell level left.
You didn't know any spells.
Your spell library was empty.

Dungeon Overview and Level Annotations

Branches:
Dungeon (1/15)

Altars:


Innate Abilities, Weirdness & Mutations

You have sharp fingernails.


Message History

No target in view!
No target in view!
No target in view!
No target in view!
No target in view!
No target in view!
No target in view!
No target in view!
No target in view!
No target in view!
No target in view!
No target in view!
b - 21 bolts (gained 3)
Things that are here:
a +0 club; a goblin corpse; a goblin corpse
b - 23 bolts (gained 2)
b - 24 bolts (gained 1)
Found a pair of gloves.
Found 25 stones.
You see here a +0 pair of gloves.
g - a +0 pair of gloves You start putting on your armour.
You continue putting on your +0 pair of gloves. x4
You finish putting on your +0 pair of gloves.
f - 77 stones (gained 25)
A bat comes into view.
You shoot a bolt. The bolt barely misses the bat.
The bat hits you but does no damage.
You shoot a bolt. The bolt barely misses the bat.
The bat hits you but does no damage.
You shoot a bolt. The bolt hits the bat!
You kill the bat!
Your Armour skill increases to level 3!
You have reached level 2!
Your demonic ancestry asserts itself...
Your fingernails lengthen.
No target in view!
No target in view!
No target in view!
Are you sure you want to abandon this character and quit the game? (Confirm with "yes".)

.(# #.# #.# ... .#
#.# #...# #.#
#...# #(# #...#
#@## #...# #..#
########...##
##.###............
#..##............
##.##......).....
# #.##.######...##
#. #.##.# ##...##
####.##.##.#
#......
#.......##.#
#....##


There were no monsters in sight!

Vanquished Creatures
  3 goblins (D:1)
  A hobgoblin (D:1)
  2 bats (D:1)
  A frilled lizard (D:1)
7 creatures vanquished.

Notes
Turn   | Place    | Note
-------+----------+-------------------------------------------
     0 | D:1      | Chiseanne the Demonspawn Wanderer began the quest for the
                  | Orb.
     0 | D:1      | Chiseanne set off with the following items: a +2 hand
                  | crossbow, 24 bolts, a +0 hand axe, a +0 ring mail
     0 | D:1      | Reached XP level 1. HP: 16/16 MP: 1/1
   232 | D:1      | Reached skill level 3 in Armour
   232 | D:1      | Gained mutation: You have sharp fingernails. [demonic
                  | ancestry]
   232 | D:1      | Reached XP level 2. HP: 23/23 MP: 2/2
   232 | D:1      | Quit the game

Illustrated notes

Levels and vault maps discovered:
D:1:      dpeg_arrival_three_same_balls, layout_loops_cross, minmay_pentomino_z4

Skill      XL: |  1 |
---------------+----+-----
Armour         | 3 |  3.0
Fighting       | |  2.4
Maces & Flails | |  1.0
Crossbows      | |  1.7
Stealth        | |  1.0
Shields        | |  1.0

Action                   || total
-------------------------++-------
 Fire: Hand crossbow     ||    13
Armor: Ring mail         ||     3
Dodge: Dodged            ||     3

Table legend: (Time is in decaauts)
 A = Elapsed time spent in this place.
 B = Non-inter-level travel time spent in this place.
 C = Inter-level travel time spent in this place.
 D = Time resting spent in this place.
 E = Time spent auto-exploring this place.
 F = Levels seen in this place.
 G = Mean time per level.
                   A        B        C        D        E       F      G
               +--------+--------+--------+--------+--------+-----+--------+
         Total |    237 |    237 |      0 |      0 |    188 |   1 |  237.0 |
       Dungeon |    237 |    237 |      0 |      0 |    188 |   1 |  237.0 |
               +--------+--------+--------+--------+--------+-----+--------+

Top non-repeatable levels by time:
     D:1: 237 daAuts
